 Dungeon Crawl Stone Soup version 0.22.0-25-g7663229ff0 (webtiles) character file.

2904 Kirk the Cleaver (level 9, -2/68 HPs)
             Began as a Demonspawn Gladiator on Aug 20, 2018.
             Slain by a skeletal warrior
             ... wielding a +0 trident
             ... led by a skeletal warrior
              (18 damage)
             ... on level 8 of the Dungeon.
             The game lasted 00:14:54 (5925 turns).

Kirk the Cleaver (Demonspawn Gladiator)             Turns: 5925, Time: 00:14:54

Health: -2/68      AC: 10    Str: 14    XL:     9   Next: 49%
Magic:  9/9        EV: 18    Int: 13    God:
Gold:   219        SH:  0    Dex: 20    Spells: 8/8 levels left

rFire    + + .     SeeInvis .   q - +4 broad axe (freeze)
rCold    + . .     Gourm    .   (no shield)
rNeg     . . .     Faith    .   b - +0 leather armour
rPois    +         Spirit   .   c - +1 helmet
rElec    +         Reflect  .   (no cloak)
rCorr    +         Harm     .   h - +2 pair of gloves
MR       .....                  (no boots)
Stlth    +++.......             p - amulet of the acrobat
HPRegen  0.21/turn              m - ring of protection from fire
MPRegen  0.11/turn              u - ring of resist corrosion

@: agile, resistant
A: talons 2, thin metallic scales 1, powered by pain 1
a: no special abilities


You were on level 8 of the Dungeon.
You were not hungry.

You visited 1 branch of the dungeon, and saw 10 of its levels.

You collected 446 gold pieces.
You spent 227 gold pieces at shops.

Inventory:

Hand Weapons
 a - a +1 war axe
 d - a +0 blowgun
 q - a +4 broad axe of freezing (weapon)
 z - the cursed +0 flail "Arcanum" {pain, rPois rF++ MR+ MP+9, unknown}
   (You found it on level 9 of the Dungeon)

   In the hands of one skilled in necromantic magic, it inflicts extra damage on
   living creatures.
   It greatly protects you from fire.
   It protects you from poison.
   It affects your resistance to hostile enchantments.
   It affects your magic capacity (+9).
   It has a curse placed upon it.
Missiles
 j - 3 curare-tipped needles
 k - a throwing net (quivered)
 t - 8 javelins
Armour
 b - a +0 leather armour (worn)
 c - a +1 helmet (worn)
 g - a +0 plate armour
 h - a +2 pair of gloves (worn)
Jewellery
 m - a ring of protection from fire (left hand)
 p - an amulet of the acrobat (around neck)
 u - a ring of resist corrosion (right hand)
Scrolls
 e - 2 scrolls of identify
 i - 5 scrolls of fog
 n - a scroll of amnesia
 o - 5 scrolls of remove curse
 x - a scroll of enchant weapon
Potions
 l - 4 potions of flight
 r - 2 potions of cancellation
Comestibles
 f - 13 rations
 v - 2 chunks of flesh


   Skills:
 + Level 5.2 Fighting
 * Level 11.0 Axes
 - Level 1.7 Throwing
 + Level 2.7 Armour
 - Level 2.6 Dodging


You had 8 spell levels left.
You didn't know any spells.
Your spell library contained the following spells:

 Spells                   Type           Power        Failure   Level  Hunger
 Confusing Touch          Hex            #.....       36%         1    ##.....
 Shock                    Conj/Air       #...         36%         1    ##.....
 Swiftness                Chrm/Air       #.......     50%         2    ###....
 Confuse                  Hex            #.......     75%         3    ####...
 Gell's Gravitas          Tloc           #.........   75%         3    ####...
 Static Discharge         Conj/Air       #.......     75%         3    ####...
 Airstrike                Air            #.........   98%         4    #####..
 Petrify                  Tmut/Erth      #.......     98%         4    #####..
 Lightning Bolt           Conj/Air       #.........   100%        5    ######.
 Metabolic Englaciation   Hex/Ice        #.........   100%        5    ######.
 Yara's Violent Unravell  Hex/Tmut       #.........   100%        5    ######.


Dungeon Overview and Level Annotations

Branches:
Dungeon (10/15)
 Temple: D:4-7         Lair: D:8-11         Orc: D:9-12

Altars:
Ashenzari
Dithmenos
Fedhas
Kikubaaqudgha
Nemelex Xobeh
Qazlal
Sif Muna
Vehumet
Xom
Yredelemnul
Zin
The Shining One

Shops:
D:4 *   D:5 %


Innate Abilities, Weirdness & Mutations

You have razor-sharp toenails.
You are partially covered in thin metallic scales. (AC +2)
You sometimes gain a little power by taking damage.


Message History

The ogre is severely wounded.
The ogre hits you with a giant spiked club!
* * * LOW HITPOINT WARNING * * *
You hit the ogre but do no damage.
The ogre is severely wounded.
You slash the ogre! You freeze the ogre.
The ogre is almost dead.
The ogre completely misses you.
You slash the ogre! You freeze the ogre.
You kill the ogre!
You feel better.
The skeletal warrior hits you with a dire flail.
You barely miss the skeletal warrior. Your kick misses the skeletal warrior.
The skeletal warrior hits you from afar with a trident.
* * * LOW HITPOINT WARNING * * *
The skeletal warrior misses you.
You hit the skeletal warrior.
The skeletal warrior is lightly damaged.
The skeletal warrior hits you from afar with a trident!!
You die...

#...##..####
#.......z.z
#.>.#.# #.#z..#
#.z.### #.###%%
#.# #.##
###.###.)#
#....##@#
###....##z#
#.z.##..#z#
#.####..#z#
####.####..#a##
#.............#.#
#.##.#####......#
..
#..##..z......#
...
#.###z..[.....#


You could see 3 skeletal warriors and a worker ant.

Vanquished Creatures
  Grinder (D:3)
  A spriggan (D:8)
  Eustachio (D:4)
  Menkaure (D:4)
  An orc warrior (D:6)
  A phantom (D:6)
  A necrophage (D:8)
  2 ice beasts
  A sky beast (D:6)
  3 ogres
  A centaur (D:2)
  A big kobold (D:7)
  3 bullfrogs
  A scorpion (D:7)
  A water moccasin skeleton (D:6)
  A howler monkey (D:6)
  A vampire bat (D:4)
  A crimson imp (D:7)
  2 bullfrog zombies
  A jelly (D:6)
  A bullfrog skeleton (D:4)
  2 orc priests
  3 hounds
  A centaur skeleton (D:7)
  6 orc wizards
  Terence (D:3)
  3 iguanas
  4 worker ants
  Natasha (D:4)
  A hound skeleton (D:6)
  8 adders
  A shadow imp (D:4)
  4 oozes
  An adder skeleton (D:4)
  An adder zombie (D:6)
  A worm (D:4)
  2 dart slugs
  3 leopard geckos
  18 orcs
  2 bat skeletons (D:4)
  2 bat zombies (D:4)
  7 giant cockroaches
  9 goblins
  7 hobgoblins
  11 jackals
  5 quokkas
  A ball python (D:1)
  A ball python zombie (D:3)
  10 bats
  8 frilled lizards
  15 kobolds
  A leopard gecko skeleton (D:4)
  7 rats
174 creatures vanquished.

Notes
Turn   | Place    | Note
-------+----------+-------------------------------------------
     0 | D:1      | Kirk the Demonspawn Gladiator began the quest for the Orb.
     0 | D:1      | Reached XP level 1. HP: 16/16 MP: 1/1
    36 | D:1      | Reached skill level 3 in Axes
   231 | D:1      | Gained mutation: You are partially covered in thin metallic scales. (AC +2) [demonic ancestry]
   231 | D:1      | Reached XP level 2. HP: 17/22 MP: 2/2
   513 | D:1      | Reached XP level 3. HP: 27/27 MP: 3/3
  1079 | D:2      | Reached skill level 4 in Axes
  1141 | D:2      | Found a glowing silver altar of Zin.
  1355 | D:2      | Noticed a centaur
  1374 | D:2      | Killed a centaur
  1374 | D:2      | Reached skill level 5 in Axes
  1374 | D:2      | Gained mutation: You have sharp toenails. [demonic ancestry]
  1374 | D:2      | Reached XP level 4. HP: 33/34 MP: 4/4
  1374 | D:2      | Reached XP level 5. HP: 38/39 MP: 5/5
  1876 | D:3      | Noticed Grinder
  1876 | D:3      | Noticed Terence
  2031 | D:3      | Killed Terence
  2222 | D:3      | Paralysed by Grinder for 6 turns
  2232 | D:3      | Killed Grinder
  2232 | D:3      | Reached skill level 6 in Axes
  2232 | D:3      | Reached skill level 1 in Armour
  2232 | D:3      | Gained mutation: You sometimes gain a little power by taking damage. [demonic ancestry]
  2232 | D:3      | Reached XP level 6. HP: 40/47 MP: 6/6
  2263 | D:3      | Found a sparkling altar of Nemelex Xobeh.
  2381 | D:3      | Found a deep blue altar of Sif Muna.
  2384 | D:3      | Found a glowing golden altar of the Shining One.
  2673 | D:4      | Noticed Menkaure
  2682 | D:4      | Killed Menkaure
  2682 | D:4      | Gained mutation: You have razor-sharp toenails. [demonic ancestry]
  2682 | D:4      | Reached XP level 7. HP: 28/52 MP: 7/7
  2764 | D:4      | Reached skill level 7 in Axes
  3214 | D:4      | Found a stormy altar of Qazlal.
  3246 | D:4      | Noticed Eustachio
  3302 | D:4      | Killed Eustachio
  3302 | D:4      | Reached skill level 8 in Axes
  3302 | D:4      | Reached XP level 8. HP: 30/60 MP: 8/8
  3440 | D:4      | Found a shadowy altar of Dithmenos.
  3483 | D:4      | Found Unkeicki's Assorted Antiques.
  3486 | D:4      | Bought 2 potions of curing for 138 gold pieces
  3486 | D:4      | Bought a potion of curing for 69 gold pieces
  3486 | D:4      | Bought a viscous amethyst potion for 20 gold pieces
  3522 | D:4      | Found an ancient bone altar of Kikubaaqudgha.
  3563 | D:4      | Found a basalt altar of Yredelemnul.
  3564 | D:4      | Noticed Natasha
  3573 | D:4      | Killed Natasha
  4019 | D:5      | Entered Level 5 of the Dungeon
  4025 | D:5      | Found Jabi's Food Shop.
  4746 | D:6      | Reached skill level 9 in Axes
  5355 | D:6      | Reached XP level 9. HP: 67/67 MP: 9/9
  5357 | D:6      | Reached skill level 10 in Axes
  5401 | D:6      | Found a radiant altar of Vehumet.
  5403 | D:6      | Found an ancient bone altar of Kikubaaqudgha.
  5403 | D:6      | Found a white marble altar of Elyvilon.
  5408 | D:6      | Found a glowing silver altar of Zin.
  5408 | D:6      | Found a blossoming altar of Fedhas.
  5408 | D:6      | Found a shimmering altar of Xom.
  5774 | D:7      | Found a shattered altar of Ashenzari.
  5835 | D:7      | You fall through a shaft for 3 floors!
  5835 | D:10     | Entered Level 10 of the Dungeon
  5842 | D:9      | Noticed a troll
  5845 | D:9      | Got an ancient flail
  5851 | D:9      | Found a radiant altar of Vehumet.
  5865 | D:8      | Noticed a skeletal warrior
  5865 | D:8      | Noticed a skeletal warrior
  5867 | D:8      | Noticed a skeletal warrior
  5887 | D:8      | Identified a scroll of acquirement
  5898 | D:8      | Reached skill level 5 in Fighting
  5917 | D:8      | Reached skill level 11 in Axes
  5925 | D:8      | Slain by a skeletal warrior

Skill      XL: |  1  2  3  4  5  6  7  8  9 |
---------------+----------------------------+-----
Axes           | 3 5 6 8 9 11 | 11.0
Fighting       | 3 4 5 |  5.2
Armour         | 1 2 |  2.7
Throwing       | |  1.7
Dodging        | |  2.6

Action                   |  1- 3 |  4- 6 |  7- 9 || total
-------------------------+-------+-------+-------++-------
Melee: War axe           |   136 |   103 |   300 ||   539
       Kick              |       |    21 |    73 ||    94
       Broad axe         |       |       |    20 ||    20
Throw: Throwing net      |       |     3 |       ||     3
  Use: Scroll            |     3 |     5 |     9 ||    17
       Potion            |     1 |     5 |     8 ||    14
 Stab: Sleeping          |     1 |       |     1 ||     2
       Held in net/web   |       |     1 |       ||     1
  Eat: Chunk             |     2 |     4 |    11 ||    17
Armor: Leather armour    |    58 |    52 |   136 ||   246
       Skin              |       |       |    24 ||    24
Dodge: Dodged            |   102 |    89 |   244 ||   435
